 Dungeon Crawl Stone Soup version 0.17.1-2-g5865329 (webtiles) character file.

341 xeno23 the Slasher (level 6, -5/41 HPs)
             Began as a High Elf Skald on Jan 30, 2016.
             Killed by divine providence
             ... invoked by an orc priest
              (14 damage)
             ... on level 4 of the Dungeon.
             The game lasted 00:17:16 (2996 turns).

xeno23 the Slasher (High Elf Skald)                 Turns: 2996, Time: 00:17:16

Health: -5/41      AC:  7    Str: 13    XL:     6   Next: 30%
Magic:  11/12      EV: 11    Int: 16    God:
Gold:   160        SH:  0    Dex: 15    Spells: 5 memorised, 2 levels left

rFire  . . .     SeeInvis .     a - +0 falchion
rCold  . . .     Clarity  .     A - +0 ring mail
rNeg   + . .     SustAt   .     (no shield)
rPois  .         Gourm    .     y - +0 helmet
rElec  .         Spirit   .     (no cloak)
rCorr  .         Warding  .     E - +0 pair of gloves
rMut   .         Stasis   +     (no boots)
MR     .....                    s - amulet of stasis
Stlth  +.........               (no ring)
                                v - ring of positive energy

@: infused (expiring), very slightly contaminated, repel missiles, drained, not
resistant to hostile enchantments, very unstealthy
A: no striking features
a: no special abilities


You were on level 4 of the Dungeon.
You were hungry.

You visited 1 branch of the dungeon, and saw 4 of its levels.

You collected 160 gold pieces.

Inventory:

Hand Weapons
 a - a +0 falchion (weapon)
 e - a +0 spear
 t - a +2 hunting sling of flaming
 x - a +2 dagger of draining
 C - a +0 dagger of holy wrath
Missiles
 z - 10 sling bullets
Armour
 y - a +0 helmet (worn)
 A - a +0 ring mail (worn)
 E - a +0 pair of gloves (worn)
Jewellery
 s - an amulet of stasis (around neck)
 v - a ring of positive energy (left hand)
 B - an uncursed ring of ice
Scrolls
 g - 5 scrolls of remove curse {unknown}
 h - 4 scrolls of identify {unknown}
 j - 2 scrolls of enchant armour {unknown}
 k - 2 scrolls of magic mapping {unknown}
 l - 2 scrolls of noise {unknown}
 m - a scroll of amnesia {unknown}
 p - 2 scrolls of enchant weapon {unknown}
 q - a scroll of teleportation {unknown}
Potions
 b - a potion of mutation {unknown}
 f - 2 potions of cancellation {unknown}
 i - 2 potions of might {unknown}
 u - a potion of invisibility {unknown}
 w - 2 potions of curing {unknown}
 D - a potion of flight {unknown}
Books
 c - a book of Battle

   Spells                             Type                      Level
   a - Infusion                       Charms                       1
   b - Shroud of Golubria             Charms/Translocation         2
   c - Song of Slaying                Charms                       2
   d - Spectral Weapon                Hexes/Charms                 3
   e - Regeneration                   Charms/Necromancy            3
 r - a book of Minor Magic

   Spells                             Type                      Level
   a - Magic Dart                     Conjuration                  1
   b - Blink                          Translocation                2
   c - Call Imp                       Summoning                    2
   d - Repel Missiles                 Charms/Air                   2
   e - Slow                           Hexes                        2
   f - Conjure Flame                  Conjuration/Fire             3
   g - Mephitic Cloud                 Conjuration/Poison/Air       3
Comestibles
 d - 4 bread rations
 o - a beef jerky


   Skills:
 + Level 2.8(2.2) Fighting
 * Level 4.5(4.0) Long Blades
 + Level 2.2(1.7) Armour
 + Level 2.5(2.0) Dodging
 + Level 3.9(3.4) Spellcasting
 + Level 4.3(3.8) Charms
 + Level 1.4(0.9) Translocations


You had 2 spell levels left.
You knew the following spells:

 Your Spells              Type           Power        Failure   Level  Hunger
a - Infusion              Chrm           ###...       10%         1    None
d - Shroud of Golubria    Chrm/Tloc      ##........   24%         2    ##.....
e - Regeneration          Chrm/Necr      #.........   61%         3    ###....
g - Blink                 Tloc           N/A          43%         2    ##.....
r - Repel Missiles        Chrm/Air       #.....       30%         2    ##.....


Dungeon Overview and Level Annotations

Branches:
Dungeon (4/15)
 Temple: D:4-7

Altars:
Nemelex Xobeh
Sif Muna


Message History

The orc wizard hits you with a dagger.
The orc priest hits you but does no damage.
You partially resist.
You feel drained.
You take 2 damage.
You barely miss the orc priest.
The orc priest is heavily wounded.
The orc wizard closely misses you. The orc priest closely misses you.
You closely miss the orc priest.
The orc priest is heavily wounded.
The orc wizard barely misses you.
The orc priest calls down the wrath of Beogh upon you.
Something smites you!
* * * LOW HITPOINT WARNING * * *
The orc wizard completely misses you.
You take 12 damage.
You barely miss the orc priest.
The orc priest is heavily wounded.
The orc priest mumbles some strange prayers to Beogh against you.
Something smites you!
You die...

####### .......
#.......## #########
.....$....###o@.....##
...[......##..o.[..(.#
..........###.......##
#.........# ##..#####
#.o.......###)..#
#.o.......†.)..##
#......o.####.##
......?..# #.#
###.##.### ..#


You could see an orc priest and an orc wizard.

Vanquished Creatures
  2 orc wizards (D:3)
  An orc priest (D:4)
  Jessica (D:3)
  A worker ant (D:4)
  Natasha (thrice) (D:3)
  Robin (D:3)
  5 adders
  An ooze (D:1)
  4 giant geckos
  17 orcs
  2 ball pythons
  5 giant cockroaches
  12 goblins
  11 hobgoblins
  4 jackals (D:1)
  5 kobolds
  4 bats
  2 quokkas (D:4)
  8 rats
89 creatures vanquished.

Notes
Turn   | Place    | Note
--------------------------------------------------------------
     0 | D:1      | xeno23 the High Elf Skald began the quest for the Orb.
     0 | D:1      | Reached XP level 1. HP: 14/14 MP: 4/4
    37 | D:1      | Reached skill level 1 in Armour
   246 | D:1      | Reached XP level 2. HP: 19/19 MP: 3/6
   801 | D:2      | Reached XP level 3. HP: 18/24 MP: 4/8
   808 | D:2      | Learned a level 2 spell: Shroud of Golubria
   812 | D:2      | Learned a level 3 spell: Regeneration
   982 | D:2      | Learned a level 2 spell: Blink
  1308 | D:3      | Noticed Natasha
  1321 | D:3      | Killed Natasha
  1321 | D:3      | Reached XP level 4. HP: 12/29 MP: 3/9
  1433 | D:3      | HP: 1/29 [hobgoblin/hand axe (7)]
  1685 | D:3      | Noticed Robin
  1715 | D:3      | Killed Robin
  1740 | D:3      | Found a deep blue altar of Sif Muna.
  1878 | D:3      | Reached XP level 5. HP: 16/34 MP: 3/11
  1963 | D:3      | Reached skill level 4 in Long Blades
  2049 | D:3      | Learned a level 2 spell: Repel Missiles
  2096 | D:3      | Noticed Natasha
  2103 | D:3      | Killed Natasha
  2110 | D:3      | Noticed Jessica
  2120 | D:3      | Killed Jessica
  2120 | D:3      | Reached skill level 1 in Translocations
  2479 | D:3      | Found a sparkling altar of Nemelex Xobeh.
  2507 | D:3      | Noticed Natasha
  2515 | D:3      | Killed Natasha
  2673 | D:4      | Reached XP level 6. HP: 25/41 MP: 6/12
  2996 | D:4      | Killed from afar by an orc priest

Action                   |  1- 3 |  4- 6 || total
-------------------------+-------+-------++-------
Melee: Falchion          |   121 |   200 ||   321
 Fire: Hunting sling     |       |     4 ||     4
 Cast: Infusion          |    14 |    14 ||    28
       Shroud of Golubri |     4 |    12 ||    16
       Regeneration      |     1 |     8 ||     9
       Repel Missiles    |       |     1 ||     1
  Eat: Chunk             |     2 |     7 ||     9
